[Event "GER-ch Youth-U14 2022"]
[Site "Willingen"]
[Date "2022.06.08"]
[Round "5.3"]
[White "Hagner, Bennet"]
[Black "Möller, Maurin"]
[Result "1/2-1/2"]
[ECO "B35"]
[WhiteElo "2186"]
[BlackElo "1780"]
[Annotator "TA"]
[PlyCount "141"]
[EventDate "2022.06.05"]
[EventType "swiss"]
[EventRounds "9"]
[EventCountry "GER"]
[SourceTitle "playchess.com"]
[Source "ChessBase"]
[SourceQuality "1"]
[TimeControl "40/4500+30:900+30"]

1. e4 {[%emt 0:00:00] Krasenkow,Michal} c5 2. Nf3 Nc6 3. Nc3 g6 4. d4 cxd4 5. Nxd4 Bg7 6. Be3 Nf6 7. Bc4 O-O 8. Bb3 Re8 {[%emt 0:00:00] B35: Sicilian: Accelerated Dragon with 5 Nc3: main line.} 9. f3 d5 10. exd5 Nb4 {[%emt 0:00:00][%cal Rb4d5] White has an edge.} 11. Nde2 e6 12. Qd2 {[%emt 0:10:06] [#]} Nfxd5 $146 ({Predecessor:} 12... Nbxd5 13. O-O-O Bd7 14. Nxd5 exd5 15. Nc3 a5 16. a4 b5 17. Nxd5 bxa4 18. Bb6 axb3 19. Bxd8 Raxd8 20. Nxf6+ Bxf6 {0-1 (30) Aravindh,C (2601)-Dubov,D (2703) Moscow 2019 CBM 189 [Krasenkow,Michal]}) 13. O-O-O Qa5 14. Nxd5 (14. Bh6 $1 $16) 14... exd5 $14 15. Nc3 ({White should try} 15. a3 $14) 15... Bf5 (15... Bxc3 $15 16. bxc3 Nxa2+ 17. Kb2 Qxc3+ $1 18. Qxc3 (18. Kxa2 Rxe3 19. Qxc3 Rxc3 $17) 18... Nxc3) 16. Bd4 $1 $11 {[%emt 0:04:43] [#]} Nd3+ $1 17. cxd3 (17. Kb1 Bxd4) 17... Bxd4 18. Nxd5 Rac8+ 19. Kb1 Qb5 20. g4 (20. Rhe1 $15 Qxd3+ 21. Qxd3 Bxd3+ 22. Ka1 Rxe1 23. Rxe1) 20... Be6 $1 $19 {[%emt 0:01:53] This bishop pair is nice.} 21. Bc4 Qc5 (21... Qc6 $1 $17 22. Nb4 Qxf3) 22. Nc3 Bxc4 ({Black should play} 22... Bxc3 $15 23. Qxc3 Qe3) 23. dxc4 $11 Bxc3 24. Qxc3 Qxc4 25. Qxc4 Rxc4 $15 {[%emt 0:00:03][%mdl 4096] Endgame KRR-KRR} 26. Rd7 Rb4 27. a3 Rb5 28. Rd2 (28. Rc1 $11 {keeps the balance.}) 28... Re3 $1 $17 29. Rf1 Rxa3 $1 30. f4 Ra6 31. f5 gxf5 32. gxf5 {[%emt 0:00:03] [#]} Kg7 33. Rd3 Rh6 {[%emt 0:01:55] Against Rh3} 34. h3 (34. Rf2 $17 {is a better defense.}) 34... Rh5 35. f6+ Kg6 36. Rd7 Rhf5 ({Worse is} 36... Rxh3 37. Rg1+ Kxf6 38. Rf1+ Ke6 39. Rfxf7 $17) 37. Rg1+ (37. Rxf5 $17 {was the only chance.} Rxf5 38. Rxb7) 37... Kxf6 $19 38. Rd6+ Ke7 39. Rd2 a5 40. Rgd1 h5 41. Ka2 h4 42. Ka3 b6 43. Rd3 Rf4 44. b3 Rbb4 45. Re3+ Kf6 46. Rd6+ Kg5 47. Rd8 b5 48. Ra8 (48. Rg8+ {was worth a try.} Kf6 49. Rge8) 48... a4 49. Rg8+ Kf5 {[%emt 0:00:00] Threatens to win with ...Rxb3+.} 50. bxa4 bxa4 {[%emt 0:00:00][%cal Ob4b3] And now ...Rb3+! would win.} 51. Rh8 (51. Rf8 $142 f6 52. Ra8) 51... Rb3+ 52. Rxb3 axb3 53. Kxb3 {[%emt 0:00:15] KR-KR} Rf3+ 54. Kc2 Rxh3 55. Kd2 Ke4 56. Ke2 f5 $2 (56... Kf4 $19 {and Black stays clearly on top.} 57. Kf2 Rh2+ 58. Kf1 f5) 57. Ra8 $2 (57. Kf2 $17) 57... Kf4 58. Kf2 Rh2+ 59. Kg1 Rb2 60. Ra4+ Kg3 61. Ra3+ Kg4 {[%emt 0:00:26] Strongly threatening ...Re2.} 62. Ra4+ f4 63. Ra3 h3 (63... f3 $142 64. Ra8 Rg2+ 65. Kh1 Re2 66. Rg8+ Kf4 67. Kg1 h3 68. Rf8+ Ke3 69. Kf1 Rc2 70. Re8+ Kd4 71. Rh8 h2 72. Rh7 Rc1+ 73. Kf2 h1=Q 74. Rxh1 Rxh1 75. Kxf3 Rf1+ 76. Kg4 Ke5 77. Kg3 Rf4 78. Kg2 Kf5 79. Kh3 Rf3+ 80. Kh2 Kg4 81. Kg2 Rf7 82. Kh2 Kf3 83. Kg1 Kg3 84. Kh1 Rf1#) 64. Rc3 h2+ $2 (64... f3 {mates} 65. Rc8 h2+ 66. Kh1 Rb1+ 67. Kxh2 f2 68. Rc4+ Kf3 69. Rc3+ Ke2 70. Rc8 f1=Q 71. Re8+ Kd2 72. Rd8+ Ke1 73. Re8+ {[#]} Qe2+ $3 74. Rxe2+ Kxe2 75. Kg3 Rb4 76. Kg2 Rb3 77. Kh1 Kf2 78. Kh2 Kf1 79. Kh1 Rh3#) 65. Kh1 $11 {[%emt 0:00:06] The position is equal.} f3 (65... Re2 $5 66. Rg3+ Kf5 $17) 66. Rc2 $1 Rb5 {[%emt 0:02:28] ( -> ...Kg3)} 67. Kxh2 Rh5+ 68. Kg1 Kg3 69. Rg2+ Kf4 70. Rg8 Re5 71. Kf2 {[%emt 0:00:20] Whites escaped into a draw.  Weighted Error Value: White=0.77/Black=0.38} 1/2-1/2

[Event "GER-ch Youth-U14 2022"]
[Site "Willingen"]
[Date "2022.06.08"]
[Round "5.4"]
[White "Besou, Hussain"]
[Black "Klaska, Philipp Leon"]
[Result "1/2-1/2"]
[ECO "B42"]
[WhiteElo "2094"]
[BlackElo "1946"]
[Annotator "TA"]
[PlyCount "94"]
[EventDate "2022.06.05"]
[EventType "swiss"]
[EventRounds "9"]
[EventCountry "GER"]
[SourceTitle "playchess.com"]
[Source "ChessBase"]
[SourceQuality "1"]
[TimeControl "40/4500+30:900+30"]

1. e4 c5 2. Nf3 e6 3. d4 cxd4 4. Nxd4 a6 5. Bd3 Qc7 6. O-O Nf6 7. Qe2 d6 8. c4 Nbd7 9. Nc3 Be7 10. f4 O-O {[%emt 0:00:00] 10...0-0 is better than 10...b6.} 11. Kh1 g6 {[%emt 0:11:27] [#] B42: Sicilian: Kan Variation: 5 Bd3.} 12. f5 $146 {[%emt 0:00:00] White is more active.} ({Predecessor:} 12. Bd2 b6 13. e5 Ne8 14. Nc6 Bh4 15. Qg4 f5 16. exf6 Ndxf6 17. Ne7+ Qxe7 18. Qxh4 Qc7 19. Ne4 Nxe4 20. Bxe4 Bb7 21. Rae1 Ng7 22. Bc3 {½-½ (22) Stukopin,A (2439)-Papin,V (2521) Taganrog 2010}) 12... Ne5 13. Bh6 Re8 {[%emt 0:05:27] White is slightly better.} 14. fxe6 (14. Rad1 $14) 14... fxe6 15. Bg5 Nfg4 16. Bd2 Nxd3 17. Qxg4 (17. Qxd3 $11 {keeps the balance.} Ne5 18. Qg3) 17... Ne5 (17... Nxb2 $17 18. Bh6 (18. Nxe6 Qd7 $17) 18... Nxc4) 18. Qg3 ({Not} 18. Nxe6 $2 Qxc4 19. Qg3 Bxe6 $19) 18... Nxc4 19. Bh6 Bd7 20. Qf4 (20. e5 $11) 20... Ne5 $15 21. Nf3 {[%emt 0:00:44] [#] Nxe5 is the strong threat.} Nf7 22. Qe3 (22. Nh4 $15 Nh8 23. Nf3) 22... Qc5 $17 {[%emt 0:04:08] White must now prevent ...g5.} 23. Rad1 Qxe3 24. Bxe3 Bf6 (24... Rf8 $142 25. Bb6 Rac8) 25. e5 Bxe5 26. Nxe5 {[%emt 0:00:13][%mdl 64] [#] Remove Defender} Nxe5 27. Rxd6 {[%emt 0:00:16] Threatens to win with Bd4.} Bc6 {[%emt 0:00:27] And now ...Nc4 would win.} 28. Rd4 {[%emt 0:03:38] Against Nc4} Rad8 29. h3 Rxd4 30. Bxd4 Nf7 31. Kh2 e5 32. Bc5 Rd8 33. Rf2 Kg7 34. a3 Rd7 35. Be3 Nd6 36. Bg5 Rf7 {[%emt 0:01:03] Inhibits Bf6+.} 37. Re2 Rf5 38. Be7 Nf7 39. Bc5 Kf6 40. Nd1 Rf4 41. Ne3 Ke6 42. Rd2 h5 43. b3 g5 44. a4 Rf6 45. a5 Rg6 46. Kg3 Rg8 47. h4 Kf6 {[%emt 0:03:41] Weighted Error Value: White=0.20 (precise) /Black=0.14 (very precise)} (47... Rh8 $17 48. b4 g4) 1/2-1/2

[Event "GER-ch Youth-U14 2022"]
[Site "Willingen"]
[Date "2022.06.08"]
[Round "5.5"]
[White "Haubold, Christian Lucas"]
[Black "Mader, Fabian"]
[Result "1-0"]
[ECO "B34"]
[WhiteElo "1921"]
[BlackElo "1652"]
[Annotator "TA"]
[PlyCount "109"]
[EventDate "2022.06.05"]
[EventType "swiss"]
[EventRounds "9"]
[EventCountry "GER"]
[SourceTitle "playchess.com"]
[Source "ChessBase"]
[SourceQuality "1"]
[TimeControl "40/4500+30:900+30"]

1. e4 c5 2. Nf3 Nc6 3. d4 cxd4 4. Nxd4 Nf6 5. Nc3 e5 6. Ndb5 d6 7. Nd5 Nxd5 8. exd5 Ne7 9. c4 Ng6 10. h4 {[%emt 0:00:00] B33: Sicilian: Pelikan and Sveshnikov Variations.} (10. Qa4 $5 Bd7 11. Qb4 $11) 10... h5 11. Bg5 Be7 12. c5 {[%emt 0:00:00] [#] The position is equal.} f6 $146 (12... dxc5 $11 13. Bxe7 Kxe7) ({Predecessor:} 12... Bxg5 13. Nxd6+ Kf8 14. hxg5 Qa5+ 15. Qd2 Qxc5 16. Ne4 Qd4 17. Qxd4 exd4 18. Rd1 Nf4 19. Rxd4 Bf5 20. Ng3 Re8+ 21. Kd2 {1-0 (21) Vuckovic,M (2009)-Vujovic,S (2093) Pljevlja 2019}) 13. Qd3 {[%emt 0:24:45] 0x0.001aa0e0dac3dp-1022s more active pieces. The black rooks are badly placed.} (13. cxd6 $6 Bxd6 14. Bd2 (14. Nxd6+ Qxd6 15. Be3 Ne7 $11) 14... Bf5 $14) (13. Bd3 $16 Nf8 14. cxd6 Bxd6 15. Bd2) 13... Kf7 $14 14. Be3 (14. cxd6 Bxd6 15. Bd2 (15. Nxd6+ Qxd6 16. Bd2 Ne7 $15) 15... a6 16. Nxd6+ Qxd6 $11) 14... a6 $1 15. Qa3 dxc5 16. d6 $1 Bxd6 17. Bc4+ Be6 18. Bxe6+ Kxe6 19. Qb3+ Ke7 $1 {[%emt 0:01:16] [#]} (19... c4 $2 20. Qxc4+ Kf5 21. Qd3+ (21. Nc3 Ne7 $18) 21... Ke6 22. Nxd6 Qxd6 23. Qxg6 $18) 20. Nxd6 (20. Nc3 $1 $16) 20... Qxd6 $11 21. Qxb7+ Qd7 22. Bxc5+ Ke6 23. Qb6+ {[%emt 0:00:59] [#]} (23. Qxd7+ $11 {keeps the balance.} Kxd7 24. g3) 23... Kf7 $2 (23... Kf5 $1 $17 {Threatens to win with ...Nf4.} 24. Rd1 Qb5 25. Qxb5 axb5) 24. Rd1 $16 Qc8 (24... Qb5 $16) 25. Qb3+ $18 Ke8 26. Qa4+ Kf7 27. Qc4+ Ke8 28. Qd5 $2 (28. Rh3 $18 {Black must now prevent Rg3.} Nf8 29. Rg3) 28... Ne7 (28... Nf4 $11 29. Qe4 (29. Qd6 Qb7 $15) 29... Rb8) 29. Bxe7 Kxe7 30. O-O $1 Rd8 31. Qf3 $36 {[%emt 0:00:19][%mdl 2048] White fights for an advantage.} Rxd1 32. Rxd1 $11 {[%emt 0:00:15][%mdl 4096] Endgame KQR-KQR} g6 33. Qa3+ ({Don't play} 33. Qd3 Kf7 $14) 33... Kf7 34. Qd6 (34. g3 $16) 34... Ra7 $14 35. Qb6 Qc7 36. Qb3+ Ke7 (36... Kg7 $11) 37. g3 ({Don't take} 37. Qg8 Qc2 38. Qd8+ Kf7 $14) (37. Qe3 $142) 37... Qc6 (37... Kf8 $142) 38. Qe3 ({White should play} 38. Qg8 $16 Qe8 39. Qc4) 38... Rd7 $11 39. Rc1 Qb5 {[%emt 0:00:59] White leaves nothing to chance now.} (39... Qa4 $11 {and Black is okay.}) 40. Qh6 $18 Qd3 (40... Qxb2 41. Qg7+ Ke6 42. Rc6+ Kf5 43. Qxd7+ Ke4 44. Rc4+) 41. Qg7+ Ke6 42. Rc6+ Rd6 43. Rxd6+ (43. Qg8+ $18 Ke7 44. Qg7+ Ke6 45. Rxd6+ Qxd6 46. Qxg6) 43... Kxd6 $4 (43... Qxd6 $16 44. Qxg6 Qd1+ 45. Kg2 Qd5+ 46. Kh2 Qf3) 44. Qxf6+ {[%emt 0:00:00] KQ-KQ} Kd5 45. Kg2 e4 46. Qxg6 Qf3+ 47. Kg1 Qd1+ 48. Kh2 Qf3 49. Qb6 Qe2 50. a4 {[%emt 0:00:00] And now b4 would win.} Qc2 51. b3 Qe2 52. b4 Qb2 53. Qa5+ Kd4 54. Qc5+ Kd3 55. Qe3+ {[%emt 0:00:09] Weighted Error Value: White=0.32/Black=0.58} (55. b5 $142 a5 56. b6 Kd2 57. Kg2 Ke1 58. Qxa5+ Kd1 59. Qb5 Qh8 60. b7) 1-0

[Event "GER-ch Youth-U14 2022"]
[Site "Willingen"]
[Date "2022.06.08"]
[Round "5.6"]
[White "Sauer, Tim"]
[Black "Honisch, Alexander"]
[Result "0-1"]
[ECO "C54"]
[WhiteElo "1769"]
[BlackElo "1878"]
[Annotator "NA RC COMBH"]
[PlyCount "76"]
[EventDate "2022.06.05"]
[EventType "swiss"]
[EventRounds "9"]
[EventCountry "GER"]
[SourceTitle "playchess.com"]
[Source "ChessBase"]
[SourceQuality "1"]
[TimeControl "40/4500+30:900+30"]

1. e4 e5 2. Nf3 Nc6 3. Bc4 Bc5 4. c3 Nf6 5. d4 exd4 6. b4 Bb6 7. e5 d5 8. exf6 dxc4 9. Qe2+ {[%emt 0:00:00] 9.Qe2+ scores better than 9.b5.} Be6 10. b5 Na5 11. fxg7 Rg8 12. cxd4 Qd7 13. Nc3 O-O-O 14. Bg5 $1 Rde8 15. O-O-O {[%emt 0:00:00] [#]} Bg4 $146 ({Predecessor:} 15... Rxg7 16. Qd2 Kb8 17. Rhe1 Rgg8 18. Ne4 Qxb5 19. Nf6 Nc6 20. Qb2 Rxg5 21. d5 Qxb2+ 22. Kxb2 Rxg2 23. Nxe8 Rxf2+ {0-1 (67) Micic,A (2064)-Rajkovic,M (2390) Vrnjacka Banja 2021}) 16. Qd2 Bxf3 17. gxf3 Rxg7 18. Qf4 Rg6 19. Bh4 Kb8 20. Rhe1 Rge6 21. Qf5 {[%emt 0:08:18] [#]} (21. Re5 $11 {keeps the balance.}) 21... Qd6 $1 (21... Bxd4 $2 22. Re4 c5 23. bxc6 Nxc6 24. Nb5 $18) 22. Rxe6 fxe6 ({Much weaker is} 22... Qxe6 $6 23. Qxe6 fxe6 24. Bg3 $11) 23. Qe5 Nb3+ 24. Kb2 Nxd4 25. Qxd6 cxd6 26. Bg3 Kc7 27. Ne4 e5 28. Rc1 Rf8 29. Rxc4+ Kd7 30. Nc3 Rxf3 31. a4 Nf5 32. Nd1 h5 33. Kc2 Bd4 34. Kd2 h4 35. Ke2 Ra3 36. Ne3 Nxe3 37. fxe3 Rxe3+ 38. Kf2 $19 hxg3+ 0-1

[Event "GER-ch Youth-U14 2022"]
[Site "Willingen"]
[Date "2022.06.08"]
[Round "5.7"]
[White "Haubold, Sebastian Marcel"]
[Black "Krüger, Arthur"]
[Result "1/2-1/2"]
[ECO "C07"]
[WhiteElo "1869"]
[BlackElo "1988"]
[Annotator "TA"]
[PlyCount "72"]
[EventDate "2022.06.05"]
[EventType "swiss"]
[EventRounds "9"]
[EventCountry "GER"]
[SourceTitle "playchess.com"]
[Source "ChessBase"]
[SourceQuality "1"]
[TimeControl "40/4500+30:900+30"]

1. e4 e6 2. d4 d5 3. Nd2 c5 4. exd5 Qxd5 5. Ngf3 cxd4 6. Bc4 Qd7 {[%emt 0:00:00] C07: French Tarrasch: 3...c5, 4 Ngf3 and 4 exd5 Qxd5.} 7. O-O Nc6 8. Nb3 Nf6 9. Nbxd4 Nxd4 10. Nxd4 {[%emt 0:00:00] [#] Black must now prevent Bb5.} a6 {[%emt 0:00:00] Inhibits Bb5.} 11. Re1 Bc5 12. Be3 Qc7 13. Bb3 O-O 14. Qf3 e5 15. Nf5 Bxf5 16. Qxf5 {[%emt 0:01:55] [#]} Bxe3 $146 ({Predecessor:} 16... Rfe8 17. Bg5 Qd7 18. Qxd7 Nxd7 19. Rad1 Nb6 20. a4 Kf8 21. a5 f6 22. Be3 Bxe3 23. Rxe3 {1-0 (37) Grieve,H (2299)-Bridgeman,N (1623) Daventry 2020}) 17. Rxe3 Rfe8 18. Rae1 e4 19. Rg3 (19. Rc3 $5 Qd6 20. Qc5 $11) 19... Qe5 20. Qxe5 Rxe5 21. Rge3 Ree8 22. h3 Rad8 23. g4 h6 24. Kg2 Rd2 25. Kg3 Rdd8 26. c3 Kf8 27. Bc2 Rd2 28. R1e2 Rxe2 29. Rxe2 $11 {[%emt 0:00:03][%mdl 4096] Endgame KRB-KRN} Re6 30. c4 g5 31. b4 b6 {[%emt 0:03:17] The position is equal.} 32. f4 exf3 33. Rxe6 fxe6 34. Kxf3 Ke7 35. Ke3 Kd6 36. Bd1 e5 {Weighted Error Value: White=0.06 (flawless) /Black=0.06 (flawless)} 1/2-1/2

[Event "GER-ch Youth-U14 2022"]
[Site "Willingen"]
[Date "2022.06.08"]
[Round "5.8"]
[White "Winkler, Yonathan"]
[Black "Campora, Daniel H."]
[Result "1/2-1/2"]
[ECO "B13"]
[WhiteElo "1699"]
[BlackElo "2397"]
[Annotator "TA"]
[PlyCount "56"]
[EventDate "2022.06.05"]
[EventType "swiss"]
[EventRounds "9"]
[EventCountry "GER"]
[SourceTitle "playchess.com"]
[Source "ChessBase"]
[SourceQuality "1"]
[TimeControl "40/4500+30:900+30"]

1. e4 c6 2. d4 d5 3. exd5 cxd5 4. Bd3 Nc6 5. c3 Nf6 6. Nf3 Bg4 7. O-O e6 8. Bg5 Be7 9. Nbd2 O-O 10. Re1 {[%emt 0:00:00] [#] B13: Caro-Kann: Exchange Variation and Panov-Botvinnik Attack.} Qb8 $146 ({Predecessor:} 10... Bh5 11. Qe2 Qc7 12. Bh4 a6 13. a4 Rab8 14. h3 Rfe8 15. Qe3 Bg6 16. Bxg6 hxg6 17. Bg3 Bd6 {1-0 (72) Radjabov,T (2724)-Matlakov,M (2689) Dubai 2014}) 11. Qa4 Bxf3 12. Nxf3 (12. gxf3 Nh5 13. Be3 Bd6 $17) 12... Ne8 13. Bxe7 Nxe7 14. Ne5 (14. Qd7 Nc6 15. Ne5 Nf6 16. Nxc6 bxc6 $17) 14... Nf6 15. Re3 Ng6 16. Rae1 {[%emt 0:01:45] 0x0.001aa0e2a28ddp-1022s more active pieces. The black rooks are badly placed.} a6 17. Qd1 b5 18. Bxg6 hxg6 19. Rh3 Qd6 20. Qf3 {[%emt 0:05:20] Strongly threatening Qf4.} Ra7 $2 (20... Qd8 $16) 21. Rh4 $40 {[%emt 0:12:22][%mdl 128] White wants a kill.} (21. Qg3 $18 Nh5 22. Qe3) 21... g5 $16 22. Rh3 {[%emt 0:00:11] Black must now prevent Qg3.} Rc8 $2 {[%emt 0:02:39] [#]} (22... Qe7 $16 {was worth a try.} 23. Qg3 (23. Nc6 Qe8 $16) 23... g4 24. Nxg4 Nxg4) 23. Qe3 $2 (23. Qg3 $1 $18 {is the precise move to win.} Nh7 24. f4) 23... Nh7 {[%emt 0:02:26] [#]} (23... g4 $16 24. Rh4 Qe7) 24. f4 (24. Rh5 $1 $18 {is more deadly. And now Qh3 would win.} g6 25. Rh3) 24... gxf4 25. Qxf4 (25. Qe2 $16 {Qh5 is the strong threat.} f6 26. Ng6 (26. Qh5 g5 $14)) 25... f6 $1 $14 {[%emt 0:00:25] White is slightly better.} 26. Ng6 ({Much weaker is} 26. Qh4 g5 27. Qg4 fxe5 $15) 26... Qxf4 27. Nxf4 Nf8 28. Rhe3 ({And not} 28. Nxe6 Re7 29. Rhe3 Rce8 30. Nxf8 Rxe3 31. Rxe3 Rxe3 $17) 28... b4 {Weighted Error Value: White=0.33/Black=0.26 (precise)} 1/2-1/2

[Event "GER-ch Youth-U14 2022"]
[Site "Willingen"]
[Date "2022.06.08"]
[Round "5.9"]
[White "Udelnov, Valentin"]
[Black "Luebke, Florentin"]
[Result "1-0"]
[ECO "B35"]
[WhiteElo "1901"]
[BlackElo "1613"]
[Annotator "TA"]
[PlyCount "61"]
[EventDate "2022.06.05"]
[EventType "swiss"]
[EventRounds "9"]
[EventCountry "GER"]
[SourceTitle "playchess.com"]
[Source "ChessBase"]
[SourceQuality "1"]
[TimeControl "40/4500+30:900+30"]

1. e4 c5 2. Nf3 Nc6 3. d4 cxd4 4. Nxd4 g6 5. Nc3 Bg7 6. Be3 Nf6 7. Bc4 O-O 8. Bb3 Re8 {[%emt 0:00:00] B35: Sicilian: Accelerated Dragon with 5 Nc3: main line.} 9. f3 e6 10. f4 d6 {[%emt 0:00:00][%cal Of6d5] [#] The position is equal.} (10... Ng4 {looks sharper.} 11. Bg1 h5 12. e5 d5) 11. Qd3 $146 ({Predecessor:} 11. Ndb5 Bf8 12. Qf3 a6 13. Nd4 Na5 14. O-O b5 15. f5 exf5 16. exf5 Bb7 17. Bxf7+ Kxf7 {½-½ (39) Navara,D (2745)-Mamedov,R (2704) Shamkir 2018}) 11... Nxd4 12. Bxd4 e5 13. Be3 exf4 14. Bxf4 Bf5 15. O-O $1 (15. Qc4 d5 16. Qb5 Nxe4 $17) 15... Nxe4 16. Nxe4 (16. Bxf7+ $1 $11 Kxf7 17. Qd5+ (17. Nxe4 $2 Rxe4 18. Qb3+ Ke8 $19) 17... Be6 18. Qxb7+ (18. Qxe4 Kg8 $15) 18... Kg8 19. Nxe4) 16... Rxe4 $15 (16... Bxe4 17. Bxf7+ $1 Kh8 18. Qd2 $11) 17. Qd5 Qb6+ 18. Kh1 Rf8 (18... Bxb2 19. Qxf7+ Kh8 {[#]} 20. Bg5 $1 $16) (18... Re6 $17) 19. Bxd6 Rd4 20. Bc5 Rxd5 21. Bxb6 Rd2 22. Be3 Re2 23. Bxa7 Bxb2 24. Rab1 Be4 25. Rf2 (25. Rxb2 $5 Bxg2+ 26. Kg1 Bxf1 27. Kxf1 Rxh2 28. Bf2 $11) 25... Rxf2 26. Bxf2 {[%emt 0:00:05] [#]} Rd8 $1 27. Re1 ({Don't go for} 27. Rxb2 $2 Rd1+ 28. Bg1 Rd2 $19) 27... Rd2 28. Kg1 Bd4 $2 ({Much worse is} 28... Bxc2 29. Be3 Bxb3 30. Bxd2 Bxa2 31. Re8+ Kg7 32. Re2 $11) (28... Bc6 $11) 29. Bxd4 $18 Rxg2+ 30. Kf1 Bc6 (30... Rg4 $142 31. Be5 Bc6) 31. Bd5 {[%emt 0:02:03] Weighted Error Value: White=0.13 (very precise) /Black=0.57} 1-0

[Event "GER-ch Youth-U14 2022"]
[Site "Willingen"]
[Date "2022.06.08"]
[Round "5.10"]
[White "Kocharin, Timur"]
[Black "Chinguun Sundui"]
[Result "1/2-1/2"]
[ECO "D11"]
[WhiteElo "1867"]
[BlackElo "1731"]
[Annotator "NA RC COMBH"]
[PlyCount "86"]
[EventDate "2022.06.05"]
[EventType "swiss"]
[EventRounds "9"]
[EventCountry "GER"]
[SourceTitle "playchess.com"]
[Source "ChessBase"]
[SourceQuality "1"]
[TimeControl "40/4500+30:900+30"]

1. d4 d5 2. c4 c6 3. Nf3 Nf6 4. g3 Bf5 5. Nc3 e6 6. Nh4 Be4 7. f3 Bg6 8. Qb3 Qb6 9. Nxg6 {[%emt 0:00:00] The old main line.} hxg6 10. c5 Qxb3 11. axb3 Nbd7 {[%emt 0:00:00] [#]} 12. f4 $146 ({Predecessor:} 12. b4 a6 13. b5 cxb5 14. Nxb5 Rc8 15. Nc3 e5 16. e3 Be7 17. b4 O-O 18. Bd2 exd4 19. exd4 {0-1 (55) Tomashevsky,E (2706)-Yanchenko,R (2467) Chess.com INT 2021}) 12... Ne4 13. Nxe4 dxe4 14. g4 Be7 15. Bg2 f5 16. g5 Nb8 17. Bd2 Bd8 18. Kf2 Na6 19. Ra4 Nc7 20. Ba5 Nd5 21. Bxd8 Kxd8 22. e3 Kc7 23. h3 Rh4 24. Re1 (24. Bf1 $11) 24... a6 $1 25. Bf1 (25. Raa1 $11) 25... Rah8 26. Kg3 R4h7 27. Bg2 Ne7 (27... Kd7 $11) 28. Bf1 Nd5 29. Rc4 $11 {[%emt 0:00:33] should be considered.} Ne7 30. Rb4 Nd5 (30... Kb8 $15 {should be considered.}) 31. Ra4 Ne7 32. Bg2 Nd5 33. Kh2 Rd8 34. Kg3 Rdh8 35. Re2 Ne7 36. Bf1 Nd5 37. Rc4 Ne7 38. Ra4 Nd5 39. Re1 Ne7 40. Rb4 Nd5 41. Rc4 Ne7 42. Kh2 Nd5 $11 43. Re2 Ne7 1/2-1/2

[Event "GER-ch Youth-U14 2022"]
[Site "Willingen"]
[Date "2022.06.08"]
[Round "5.11"]
[White "Kempe, Caius Emilian"]
[Black "Torosyan, Bagrat"]
[Result "1-0"]
[ECO "E81"]
[WhiteElo "1973"]
[BlackElo "1683"]
[Annotator "TA"]
[PlyCount "69"]
[EventDate "2022.06.05"]
[EventType "swiss"]
[EventRounds "9"]
[EventCountry "GER"]
[SourceTitle "playchess.com"]
[Source "ChessBase"]
[SourceQuality "1"]
[TimeControl "40/4500+30:900+30"]

1. d4 {[%emt 0:00:00] Dolmatov,S} Nf6 2. c4 g6 3. Nc3 Bg7 4. e4 d6 5. f3 O-O 6. Be3 c5 7. dxc5 dxc5 8. Qxd8 Rxd8 9. Bxc5 Nc6 10. Nd5 Nd7 11. Nxe7+ Nxe7 12. Bxe7 Bxb2 13. Rb1 Re8 {[%emt 0:00:00] [#] Threatens to win with ...Bc3+. E81: King's Indian: Sämisch: 6th move deviations (including 6 Be3 c6).} (13... Bc3+ {keeps more tension.} 14. Kd1 Re8 15. Ne2 Bg7) 14. Rxb2 Rxe7 {[%emt 0:00:00] [#]} 15. Ne2 $146 ({Predecessor:} 15. Kf2 Nb6 16. Rc2 Be6 17. f4 Rc8 18. Nf3 Bxc4 19. Bxc4 Rxc4 20. Rxc4 Nxc4 21. e5 {1-0 (42) Miralles,G (2360)-Santo Roman,M (2360) Cannes 1986 MCL [Dolmatov,S]}) 15... Ne5 (15... f5 $11) 16. Nf4 $16 {[%emt 0:00:00] Hoping for Nd5.} Rc7 17. Rb5 Nd7 18. Be2 a6 19. Rb4 {[%emt 0:00:44] White is more active.} b5 (19... Rc5 $142 20. Rb2 Ra5) 20. Nd5 $36 {[%emt 0:02:36][%mdl 2048] Keeping Black busy.} Rc5 21. O-O Ne5 (21... Kg7 $16 22. Rfb1 (22. cxb5 axb5 23. Rb2 Ra5 $16) 22... Ra7 23. cxb5 axb5) 22. cxb5 $18 axb5 23. Rxb5 ({Resist} 23. Bxb5 $6 Rxa2 24. Rd1 Rcc2 $14) 23... Rc2 24. Bd1 Rd2 25. Nb4 Nc4 26. Bb3 Be6 27. Rf2 Rd6 28. Nd5 Na5 (28... Bxd5 $142 29. exd5 (29. Rxd5 Rxd5 30. exd5 Na5 $16) 29... Na5) 29. Nf6+ Kg7 $2 {[%emt 0:00:30] [#]} (29... Kh8 {is more resistant.}) 30. Rxa5 $1 {[%emt 0:01:13] White is clearly winning.} Bxb3 (30... Rd1+ 31. Bxd1) 31. Rxa8 {[%emt 0:00:13] Ne8+ is the strong threat.} Rd1+ 32. Rf1 Rxf1+ 33. Kxf1 Bc4+ 34. Kf2 Kxf6 35. Ke3 {[%emt 0:00:11] White took control after the opening.  Weighted Error Value: White=0.11 (very precise) /Black=0.46} 1-0

[Event "GER-ch Youth-U14 2022"]
[Site "Willingen"]
[Date "2022.06.08"]
[Round "5.12"]
[White "Uhlmann, Tim"]
[Black "Schwan, Aaron"]
[Result "1/2-1/2"]
[ECO "B41"]
[WhiteElo "1776"]
[BlackElo "1671"]
[Annotator "NA RC COMBH"]
[PlyCount "157"]
[EventDate "2022.06.05"]
[EventType "swiss"]
[EventRounds "9"]
[EventCountry "GER"]
[SourceTitle "playchess.com"]
[Source "ChessBase"]
[SourceQuality "1"]
[TimeControl "40/4500+30:900+30"]

1. e4 c5 2. Nf3 e6 3. d4 cxd4 4. Nxd4 a6 5. c4 Qc7 6. Nc3 Nf6 7. a3 b6 8. Be3 Bb7 9. f3 d6 10. Be2 Be7 11. O-O Nbd7 12. Rc1 O-O 13. b4 Rfc8 14. Kh1 Qd8 15. Qb3 Rab8 16. Rfd1 Qf8 17. Bf1 h5 18. Bf2 Ne5 19. Nce2 d5 20. cxd5 exd5 21. Bg3 Bd6 22. f4 Neg4 23. e5 Ne4 24. exd6 Ngf2+ 25. Bxf2 Nxf2+ 26. Kg1 Nxd1 27. Rxd1 Qxd6 28. Nf5 Qf6 29. Ne3 Rd8 30. Rd4 b5 31. Qd3 Rbc8 32. g3 Qe6 33. Bg2 Re8 34. Kf2 Rc4 35. Qd2 Rxd4 36. Qxd4 g6 37. Nc1 Kh7 38. Nd3 Rd8 39. Nc5 Qb6 40. Nc2 Bc8 41. Ne1 Bf5 42. Nf3 f6 43. Nh4 Bc2 44. Bf3 Rd6 45. Ng2 Qd8 46. Nb7 Qb6 47. Qxb6 Rxb6 48. Bxd5 Bb3 49. Bxb3 Rxb7 50. Ne3 Rc7 51. a4 Rc3 52. Bd1 bxa4 53. Bxa4 Ra3 54. Bd1 Ra2+ 55. Be2 Kg7 56. Nd5 a5 57. bxa5 Rxa5 58. Ne3 Ra2 59. h4 g5 60. Ng2 Kh6 61. Ke3 Ra3+ 62. Bd3 Ra1 63. Ke4 Ra3 64. Ne3 gxf4 65. gxf4 Kg7 66. Nf5+ Kg6 67. Ne3 Kg7 68. Be2 Kg6 69. f5+ Kh6 70. Ng2 Ra5 71. Nf4 Re5+ 72. Kd3 Rxf5 73. Nxh5 Rd5+ 74. Ke3 Re5+ 75. Kf2 Rxe2+ 76. Kxe2 Kxh5 77. Kf3 Kxh4 78. Kf4 f5 79. Kxf5 1/2-1/2